 Dungeon Crawl Stone Soup version 0.22.0-49-gab54619 (webtiles) character file.

58 Doobh the Chucker (level 4, 7/28 HPs)
             Began as a Kobold Hunter on Aug 21, 2018.
             Quit the game on level 2 of the Dungeon on Sept 4, 2018.
             The game lasted 00:06:08 (860 turns).

Doobh the Chucker (Kobold Hunter)                    Turns: 860, Time: 00:06:09

Health: 7/28       AC:  3    Str:  9    XL:     4   Next: 21%
Magic:  4/4        EV: 15    Int: 12    God:
Gold:   26         SH:  0    Dex: 16    Spells: 3/3 levels left

rFire    . . .     SeeInvis .   l - +1 hunting sling (velocity)
rCold    . . .     Gourm    .   (shield restricted)
rNeg     . . .     Faith    .   b - +0 leather armour
rPois    .         Spirit   .   (no helmet)
rElec    .         Reflect  .   (no cloak)
rCorr    .         Harm     .   (no gloves)
MR       .....                  (no boots)
Stlth    ++........             (no amulet)
HPRegen  0.09/turn              (no ring)
MPRegen  0.09/turn              (no ring)

@: no status effects
A: small, carnivore
a: no special abilities


You were on level 2 of the Dungeon.
You were full.

You visited 1 branch of the dungeon, and saw 2 of its levels.

You collected 26 gold pieces.

Inventory:

Hand Weapons
 a - a +0 short sword
 l - a +1 hunting sling of velocity (weapon)
Missiles
 d - a throwing net
 e - 10 stones (quivered)
 m - 35 sling bullets
Armour
 b - a +0 leather armour (worn)
Scrolls
 g - 2 scrolls of remove curse {unknown}
 i - 2 scrolls of identify {unknown}
 j - 2 scrolls of teleportation {unknown}
 k - a scroll of immolation {unknown}
Potions
 h - a potion of berserk rage {unknown}
 n - a potion of agility {unknown}
Comestibles
 f - 4 rations


   Skills:
 * Level 3.2 Fighting
 + Level 1.4 Short Blades
 + Level 4.7 Throwing
 + Level 3.0 Dodging
 + Level 2.4 Stealth


You had 3 spell levels left.
You didn't know any spells.
Your spell library was empty.

Dungeon Overview and Level Annotations

Branches:
Dungeon (2/15)

Altars:


Innate Abilities, Weirdness & Mutations

You are small and have problems with some larger weapons.
You are carnivorous and can eat meat at any time.


Message History

You throw a tomahawk. The tomahawk hits the gnoll!
You kill the gnoll!
The gnoll barely misses you.
Throwing (i - inventory. (/) - cycle)
d - 2 throwing nets (quivered)
Press: ? - help, Shift-Dir - straight line, f - gnoll
Aim: a gnoll, wielding a spear You throw a throwing net.
The throwing net barely misses the gnoll.
The throwing net hits the gnoll.
The gnoll is caught in the net!
The gnoll hits you from afar with a spear.
The gnoll struggles against the net.
Wield which item (- for none, * to show all)? (? for menu, Esc to quit)
l - a +1 hunting sling of velocity (weapon)
The gnoll hits you from afar with a spear!
* * * LOW HITPOINT WARNING * * *
The gnoll struggles against the net.
You see here a kobold corpse.
Welcome back, Doobh the Kobold Hunter.
Press ? for a list of commands and other information.
Are you sure you want to abandon this character and quit the game? (Confirm

#.# #.# # #.# #.# #.#
#†# #.#####.####.#
####..).........#
#.....####.#####..
#.###.# #g##.. #.# #.#
#.##.# #.# #.# #@##.#
#.# #.# #.##.# #.# #.#
#.##.# #.###.####.##.#
#............<#
#######.##.########...
#...............
################


You could see a gnoll.

Vanquished Creatures
  An adder (D:2)
  2 gnolls (D:2)
  3 dart slugs (D:1)
  A leopard gecko (D:1)
  A giant cockroach (D:1)
  3 goblins (D:1)
  2 hobgoblins (D:1)
  6 kobolds
  2 bats (D:1)
  4 rats
25 creatures vanquished.

Notes
Turn   | Place    | Note
-------+----------+-------------------------------------------
     0 | D:1      | Doobh the Kobold Hunter began the quest for the Orb.
     0 | D:1      | Reached XP level 1. HP: 12/12 MP: 1/1
    84 | D:1      | Reached XP level 2. HP: 13/18 MP: 2/2
   434 | D:1      | Reached skill level 1 in Short Blades
   466 | D:1      | Reached XP level 3. HP: 20/22 MP: 3/3
   831 | D:2      | Reached XP level 4. HP: 27/28 MP: 4/4
   860 | D:2      | Upgraded the game from 0.22.0-27-ga576289 to
                  | 0.22.0-49-gab54619
   860 | D:2      | Quit the game

Skill      XL: |  1  2  3 |
---------------+----------+-----
Short Blades   | 1 |  1.4
Stealth        | 2 |  2.4
Fighting       | 3 |  3.2
Dodging        | 3 |  3.0
Throwing       | |  4.7

Action                   |  1- 3 |  4- 6 || total
-------------------------+-------+-------++-------
Melee: Short sword       |    48 |     2 ||    50
 Fire: Hunting sling     |     4 |       ||     4
Throw: Tomahawk          |    33 |     4 ||    37
       Throwing net      |     2 |     1 ||     3
 Stab: Sleeping          |     1 |       ||     1
  Eat: Chunk             |     5 |       ||     5
Armor: Leather armour    |     8 |     1 ||     9
Dodge: Dodged            |    33 |     6 ||    39
